 Dungeon Crawl Stone Soup version 0.19.5 (webtiles) character file.

5955 Inarius the Protected (level 10, -1/81 HPs)
             Began as a Minotaur Fighter on Apr 24, 2017.
             Was a Priest of Hepliaklqana.
             Slain by a nine-headed hydra (5 damage)
             ... on level 8 of the Dungeon.
             The game lasted 00:33:05 (8180 turns).

Inarius the Protected (Minotaur Fighter)            Turns: 8180, Time: 00:33:06

Health: -1/81      AC: 18    Str: 29    XL:     10   Next: 54%
Magic:  9/9        EV:  5    Int:  5    God:    Hepliaklqana [***...]
Gold:   368        SH: 17    Dex: 12    Spells: 0 memorised, 9 levels left

rFire  . . .     SeeInvis .     R - +4 long sword
rCold  . . .     Gourm    .     w - +0 plate armour
rNeg   . . .     Faith    .     G - +0 large shield (curse)
rPois  .         Spirit   .     (helmet unavailable)
rElec  .         Reflect  .     C - +0 cloak
rCorr  .         Harm     .     K - +0 pair of gloves
MR     .....                    m - +0 pair of boots
Stlth  ..........               (no amulet)
                                (no ring)
                                a - ring of stealth

@: mighty
A: retaliatory headbutt, reduced essence, horns 3, strong 1, subdued magic 1
a: Recall Ancestor, Ancestor Identity, Transference, Renounce Religion


You were on level 8 of the Dungeon.
You worshipped Hepliaklqana.
Hepliaklqana was most pleased with you.
You were not hungry.

You visited 1 branch of the dungeon, and saw 9 of its levels.

You collected 368 gold pieces.

Inventory:

Hand Weapons
 i - a +1 short sword of venom
 B - a +3 quarterstaff of chaos
 R - a +4 long sword (weapon)
Missiles
 b - 12 tomahawks (quivered)
Armour
 c - a +0 shield
 m - a +0 pair of boots (worn)
 w - a +0 plate armour (worn)
 C - a +0 cloak (worn)
 G - a cursed +0 large shield (worn)
 K - a +0 pair of gloves (worn)
Jewellery
 a - a ring of stealth (left hand)
Wands
 l - a wand of disintegration (11/24)
 r - a wand of digging (4/24)
 x - a wand of paralysis (9/24)
 A - a wand of digging (10/24)
 J - a wand of lightning (12/15)
 N - a wand of acid (4/15)
Scrolls
 j - a scroll of blinking {unknown}
 n - 2 scrolls of magic mapping
 s - 3 scrolls of fear
 t - a scroll of remove curse {unknown}
 v - a scroll of recharging {unknown}
 y - a scroll of amnesia {unknown}
 D - a scroll of acquirement {unknown}
 F - a scroll of immolation {unknown}
 H - a scroll of fog {unknown}
 I - a scroll of enchant armour {unknown}
 L - a scroll of enchant weapon {unknown}
 O - a scroll of noise {unknown}
 S - a scroll of identify
Potions
 d - 2 potions of might
 e - 2 potions of magic
 f - a potion of cancellation {unknown}
 g - 2 potions of mutation {unknown}
 k - 2 potions of agility {unknown}
 o - a potion of heal wounds {unknown}
 p - 5 potions of lignification
 q - 4 potions of curing
 E - 2 potions of flight {unknown}
 P - a potion of haste {unknown}
Comestibles
 h - 4 meat rations
 u - 8 fruits
 z - 5 bread rations
 M - 7 chunks of flesh
 Q - a royal jelly


   Skills:
 * Level 8.8 Fighting
 + Level 6.2(6.5) Short Blades
 + Level 3.3(5.5) Long Blades
 + Level 6.8 Staves
 + Level 6.2 Throwing
 + Level 10.0 Armour
 + Level 1.6 Dodging
 - Level 1.0 Stealth
 + Level 7.6 Shields


You had 9 spell levels left.
You didn't know any spells.

Dungeon Overview and Level Annotations

Branches:
Dungeon (9/15)             Temple (0/1) D:7            Lair (0/6) D:8
    Orc: D:9-12

Altars:
Cheibriados
Dithmenos
Fedhas
Hepliaklqana
Nemelex Xobeh
Okawaru
Uskayaw
Xom
The Shining One


Innate Abilities, Weirdness & Mutations

You reflexively headbutt those who attack you in melee.
You have a pair of large horns on your head.
Your life essence is reduced. (-10% HP)
Your muscles are strong. (Str +2)
Your spells are a little easier to cast, but a little less powerful.


Message History

The nine-headed hydra bites you.
* * * LOW HITPOINT WARNING * * *
The nine-headed hydra bites you.
* * * LOW HITPOINT WARNING * * *
The nine-headed hydra bites you but does no damage.
The nine-headed hydra bites you.
* * * LOW HITPOINT WARNING * * *
The nine-headed hydra bites you.
* * * LOW HITPOINT WARNING * * *
You feel better. The nine-headed hydra bites you!
* * * LOW HITPOINT WARNING * * *
You block the nine-headed hydra's attack.
The nine-headed hydra bites you.
* * * LOW HITPOINT WARNING * * *
The nine-headed hydra bites you.
* * * LOW HITPOINT WARNING * * *
The nine-headed hydra bites you but does no damage.
You block the nine-headed hydra's attack.
The nine-headed hydra bites you.
You die...

........#..PP.PP..#.#
.#.###.(#....>PP..#.#
.#....#.#..PPPP..(#.#
#####.#...##.P.##...##
.[..#.#....#...#.....#
##....#..#.......#...#
..........#######....#
##....##### #....D...#
###.#.# #...@#####
....#.# #..[.# #####.#
####.# #.# #.# ##.#
#.# #..# #.# #.##
########.#### ##.#
#...........# ###..#
#.#####..##.#


You could see a nine-headed hydra.

Vanquished Creatures
  A centaur warrior (D:9)
  Pikel (D:4)
  A two-headed ogre (D:8)
  A troll (D:8)
  Grinder (D:6)
  A slime creature (D:9)
  Sigmund (D:6)
  A spriggan (D:7)
  A wyvern (D:9)
  Eustachio (D:6)
  A steam dragon (D:8)
  Menkaure (D:7)
  A hungry ghost (D:8)
  A hornet zombie (D:7)
  2 orc warriors (D:6)
  An ice beast (D:5)
  A sky beast (D:9)
  A phantom (D:5)
  A black bear (D:9)
  4 ogres
  A boggart (D:9)
  Blork the orc (D:6)
  2 bullfrogs
  2 scorpions (D:8)
  3 howler monkeys (D:7)
  6 wights
  3 crimson imps
  2 bullfrog zombies
  3 hounds
  3 jellies
  A centaur zombie (D:6)
  Crazy Yiuf (D:6)
  An orc priest (D:5)
  An iguana (D:6)
  4 orc wizards
  Jessica (D:2)
  4 worker ants
  A worker ant zombie (D:9)
  5 adders
  4 gnolls (D:3)
  3 shadow imps
  3 oozes (D:2)
  3 worms
  2 dart slugs
  24 orcs
  5 bats
  7 giant cockroaches
  5 goblins
  5 hobgoblins
  3 jackals
  A quokka (D:2)
  2 ball pythons
  4 frilled lizards
  11 kobolds
  9 rats
  A bush (D:3)
  A fungus (D:8)
162 creatures vanquished.

Vanquished Creatures (collateral kills)
  A sky beast (D:8)
  A wight (D:6)
  A howler monkey (D:7)
  A crimson imp (D:6)
  A jelly (D:6)
  An orc priest (D:6)
  2 orc wizards
  A worker ant (D:5)
  A hound zombie (D:7)
  An adder (D:6)
  2 leopard geckos
  An orc (D:5)
  3 jackals
17 creatures vanquished.

Vanquished Creatures (others)
  A sky beast (D:7)
  A hound (D:4)
  A hexer (D:9)
  A worker ant (D:4)
  An ancestor (D:6)
  An adder (D:4)
  A frilled lizard (D:4)
  7 fungi (D:8)
  A plant (D:8)
15 creatures vanquished.

Grand Total: 194 creatures vanquished

Notes
Turn   | Place    | Note
-------+----------+-------------------------------------------
     0 | D:1      | Inarius the Minotaur Fighter began the quest for the Orb.
     0 | D:1      | Reached XP level 1. HP: 19/19 MP: 0/0
   204 | D:1      | Reached XP level 2. HP: 27/27 MP: 1/1
   555 | D:1      | Reached skill level 4 in Armour
   752 | D:2      | Noticed Jessica
   755 | D:2      | HP: 1/27 [Jessica/nerve-wracking pain (14)]
  1047 | D:2      | Killed Jessica
  1047 | D:2      | Reached XP level 3. HP: 24/33 MP: 2/2
  1435 | D:2      | Reached XP level 4. HP: 40/40 MP: 3/3
  1447 | D:2      | Reached skill level 1 in Short Blades
  1745 | D:3      | Found a blossoming altar of Fedhas.
  2030 | D:3      | Reached XP level 5. HP: 47/47 MP: 4/4
  2335 | D:3      | Reached skill level 5 in Armour
  2341 | D:3      | Found a shadowy altar of Dithmenos.
  2620 | D:4      | Found a sparkling altar of Nemelex Xobeh.
  2753 | D:4      | Noticed a slave
  2755 | D:4      | Noticed Pikel
  2756 | D:4      | Noticed a slave
  2756 | D:4      | Noticed a slave
  2768 | D:4      | Paralysed by Pikel for 3 turns
  2776 | D:4      | Noticed a slave
  2782 | D:4      | Killed Pikel
  2782 | D:4      | Reached skill level 5 in Fighting
  2782 | D:4      | Reached skill level 1 in Throwing
  2782 | D:4      | Reached skill level 6 in Armour
  2782 | D:4      | Reached skill level 1 in Dodging
  2782 | D:4      | Reached skill level 5 in Shields
  2782 | D:4      | Reached XP level 6. HP: 51/56 MP: 5/5
  2782 | D:4      | Reached XP level 7. HP: 55/61 MP: 6/6
  3116 | D:4      | Found a hazy altar of Hepliaklqana.
  3120 | D:4      | Became a worshipper of Hepliaklqana the Forgotten
  3505 | D:5      | Entered Level 5 of the Dungeon
  3894 | D:5      | Reached XP level 8. HP: 43/62 MP: 7/7
  4070 | D:5      | Reached * piety under Hepliaklqana
  4410 | D:5      | Reached skill level 7 in Armour
  4810 | D:6      | Reached skill level 5 in Short Blades
  4818 | D:6      | HP: 3/63 [orc priest/divine providence (14)]
  5196 | D:6      | Noticed Sigmund
  5265 | D:6      | Killed Sigmund
  5359 | D:6      | Noticed Blork the orc
  5386 | D:6      | Killed Blork the orc
  5417 | D:6      | Found a runed door.
  5421 | D:6      | Noticed Crazy Yiuf
  5428 | D:6      | Killed Crazy Yiuf
  5544 | D:6      | Noticed Grinder
  5553 | D:6      | Paralysed by Grinder for 4 turns
  5561 | D:6      | Killed Grinder
  5561 | D:6      | Reached skill level 8 in Armour
  5561 | D:6      | Reached XP level 9. HP: 52/70 MP: 8/8
  5689 | D:6      | Found a glowing golden altar of the Shining One.
  5745 | D:6      | Noticed Eustachio
  5757 | D:6      | Killed Eustachio
  5757 | D:6      | Reached skill level 1 in Staves
  5785 | D:6      | Reached skill level 5 in Throwing
  5838 | D:6      | Reached ** piety under Hepliaklqana
  5839 | D:6      | Remembered your ancestor Inrya as a hexer
  6233 | D:7      | Found a staircase to the Ecumenical Temple.
  6543 | D:7      | Noticed Menkaure
  6546 | D:7      | Killed Menkaure
  6696 | D:7      | Reached skill level 1 in Stealth
  6990 | D:8      | Reached skill level 5 in Staves
  6990 | D:8      | Reached skill level 9 in Armour
  7060 | D:8      | Reached *** piety under Hepliaklqana
  7062 | D:8      | Found a staircase to the Lair.
  7226 | D:8      | Found a snail-covered altar of Cheibriados.
  7506 | D:8      | Reached XP level 10. HP: 63/77 MP: 9/9
  7606 | D:8      | Gained mutation: Your spells are a little easier to cast, but a little less powerful. [mutagenic meat]
  7607 | D:8      | Gained mutation: You have a pair of large horns on your head. [mutagenic meat]
  7608 | D:8      | Gained mutation: Your muscles are strong. (Str +2) [mutagenic meat]
  7612 | D:8      | Found an iron altar of Okawaru.
  7616 | D:8      | Found a shimmering altar of Xom.
  7958 | D:9      | Found a hide-covered altar of Uskayaw.
  8020 | D:9      | Noticed a centaur warrior
  8032 | D:9      | Killed a centaur warrior
  8119 | D:9      | Reached skill level 10 in Armour
  8151 | D:9      | Noticed a seven-headed hydra
  8180 | D:8      | HP: 4/81 [nine-headed hydra (2)]
  8180 | D:8      | Slain by a nine-headed hydra

Skill      XL: |  1  2  3  4  5  6  7  8  9 10 |
---------------+-------------------------------+-----
Armour         | 4 6 8 9 10 | 10.0
Fighting       | 4 5 6 7 8 |  8.8
Shields        | 4 5 6 7 |  7.6
Short Blades   | 2 4 5 6 |  6.2
Throwing       | 1 3 4 6 |  6.2
Dodging        | 1 |  1.6
Staves         | 5 6 |  6.8
Stealth        | 1 |  1.0
Long Blades    | 3 |  3.3

Action                   |  1- 3 |  4- 6 |  7- 9 | 10-12 || total
-------------------------+-------+-------+-------+-------++-------
Melee: Short sword       |    54 |   147 |   129 |       ||   330
       Long sword        |     8 |       |       |    46 ||    54
       Headbutt          |    12 |    39 |    42 |    23 ||   116
       Quarterstaff      |       |       |    94 |    31 ||   125
Throw: Tomahawk          |       |    11 |    82 |     4 ||    97
Invok: Ancestor Identity |       |       |     1 |       ||     1
       Ancestor Life: He |       |       |     1 |       ||     1
  Use: Scroll            |       |       |     4 |     3 ||     7
       Potion            |       |       |       |     3 ||     3
 Stab: Petrified         |       |       |     4 |       ||     4
       Distracted        |       |       |     2 |     1 ||     3
       Confused          |       |       |       |     1 ||     1
  Eat: Chunk             |     2 |     2 |    13 |    10 ||    27
       Bread ration      |       |     1 |       |       ||     1
Armor: Scale mail        |    14 |     6 |       |       ||    20
       Plate armour      |       |    33 |    80 |    68 ||   181
Dodge: Dodged            |    14 |    17 |    45 |    28 ||   104
Block: Shield            |    36 |    40 |    47 |       ||   123
       Large shield      |       |       |       |    57 ||    57
       Rpst.: Long sword |     1 |       |       |     6 ||     7
